 Dungeon Crawl Stone Soup version 0.28.0-43-g3370ac3207 (webtiles) character file.

Game seed: 17968835531726930696

159 Ablot the Grasshopper (level 5, 0/43 HPs)
             Began as a Gnoll Warper on Mar 20, 2022.
             Slain by a gnoll
             ... wielding a +0 flail
              (9 damage)
             ... on level 2 of the Dungeon.
             The game lasted 00:03:43 (3274 turns).

Ablot the Grasshopper (Gnoll Warper)                Turns: 3274, Time: 00:03:44

Health: 0/43       AC:  3    Str: 12    XL:     5   Next: 40%
Magic:  12/12      EV: 13    Int: 13    God:
Gold:   94         SH:  0    Dex: 11    Spells: 12/14 levels left

rFire   . . .      SeeInvis .   q - +2 dagger (venom)
rCold   . . .      Faith    .   (no shield)
rNeg    . . .      Spirit   .   b - +0 leather armour {rPois}
rPois   +          Reflect  .   (no helmet)
rElec   .          Harm     .   (no cloak)
rCorr   .          Rampage  .   (no gloves)
Will    .....                   (no boots)
Stlth   +.........              (no amulet)
HPRegen 0.14/turn               (no ring)
MPRegen 0.13/turn               (no ring)

@: no status effects
A: fangs 1, strong nose, distributed training
a: no special abilities


You were on level 2 of the Dungeon.
You visited 1 branch of the dungeon, and saw 3 of its levels.

You collected 94 gold pieces.

Inventory:

Hand Weapons
 a - a +0 spear
 e - a +4 short sword
 q - a +2 dagger of venom (weapon)
Missiles
 d - 5 boomerangs of dispersal
 i - 66 arrows
 l - 27 stones
 n - 9 poisoned darts (quivered)
 o - 49 sling bullets
 p - 3 throwing nets
Armour
 b - a +0 leather armour of poison resistance (worn)
Scrolls
 c - a scroll of blinking
 f - 4 scrolls of teleportation {unknown}
 g - 3 scrolls of identify {unknown}
 j - a scroll of noise {unknown}
 k - a scroll of magic mapping {unknown}
Potions
 h - 2 potions of lignification {unknown}
 m - a potion of degeneration {unknown}


   Skills:
 + Level 4.8 Fighting
 + Level 1.4 Short Blades
 + Level 1.4 Long Blades
 + Level 1.4 Axes
 + Level 1.4 Maces & Flails
 + Level 4.8 Polearms
 + Level 1.4 Staves
 + Level 1.4 Slings
 + Level 1.4 Bows
 + Level 1.4 Crossbows
 + Level 3.0 Throwing
 + Level 3.0 Armour
 + Level 4.8 Dodging
 + Level 1.4 Stealth
 + Level 1.4 Shields
 + Level 1.4 Unarmed Combat
 + Level 5.2 Spellcasting
 + Level 1.1 Conjurations
 + Level 1.1 Hexes
 + Level 1.1 Summonings
 + Level 1.1 Necromancy
 + Level 5.5 Translocations
 + Level 1.1 Transmutations
 + Level 1.1 Fire Magic
 + Level 1.1 Ice Magic
 + Level 1.1 Air Magic
 + Level 1.1 Earth Magic
 + Level 1.1 Poison Magic
 + Level 1.6 Invocations
 + Level 1.4 Evocations


You had 12 spell levels left.
You knew the following spells:

 Your Spells              Type           Power      Damage    Failure   Level
a - Blink                 Tloc           34%        N/A       3%          2

Your spell library contained the following spells:

 Spells                   Type           Power      Damage    Failure   Level
 Gell's Gravitas          Tloc           17%        N/A       7%          3
 Lesser Beckoning         Tloc           17%        N/A       7%          3
 Teleport Other           Tloc           17%        N/A       7%          3
 Foxfire                  Conj/Fire      24%        2x1d5     14%         1
 Conjure Flame            Conj/Fire      6%         6-21      41%         3
 Inner Flame              Hex/Fire       6%         N/A       41%         3
 Manifold Assault         Tloc           17%        N/A       54%         5
 Flame Wave               Conj/Fire      6%         2d5       82%         4


Dungeon Overview and Level Annotations

Branches:
Dungeon (3/15)

Altars:

Shops:
D:1 (


Innate Abilities, Weirdness & Mutations

You have very sharp teeth.
Your uncanny sense of smell can sniff out nearby items.
Your experience applies equally to all skills.


Message History

Your Armour skill increases to level 3!
You barely miss the gnoll. The gnoll hits you with a +0 flail.
The gnoll closely misses you.
You barely miss the gnoll. The gnoll hits you with a +0 flail!
The gnoll closely misses you.
You hit the gnoll.
The gnoll is poisoned.
The gnoll is moderately wounded.
The gnoll hits you with a +0 flail. The gnoll hits you with a +0 flail!
You are too injured to fight recklessly!
You are too injured to fight recklessly!
You are too injured to fight recklessly!
You are too injured to fight recklessly!
You are too injured to fight recklessly!
You are too injured to fight recklessly!
You are too injured to fight recklessly!
You are too injured to fight recklessly!
You are too injured to fight recklessly!
You are too injured to fight recklessly!
You are too injured to fight recklessly!
You are too injured to fight recklessly!
You are too injured to fight recklessly!
You are too injured to fight recklessly!
You are too injured to fight recklessly!
You are too injured to fight recklessly!
Unknown command.
The dart slug launches a dart at you.
The slug dart hits you but does no damage.
There is a stone staircase leading down here.
Found 2 gold pieces.
You can't go up here!
You hit the gnoll.
The gnoll is poisoned.
You bite the gnoll.
The gnoll is lightly wounded.
The gnoll hits you with a +0 flail!
* * * LOW HITPOINT WARNING * * *
The dart slug barely misses you.
You hit the gnoll.
The gnoll looks as sick as possible!
The gnoll is heavily wounded.
The adder hisses angrily.
The gnoll hits you with a +0 flail!
You die...

#.........#
#.........+
#.........##+##
#.........#...#
#.........#...+
#.........#...# #
#.......w.....$ .#
#......@gg.####..##
#.......gg....$...#
#.S................
#.....?...#.#.....
########+##....###
.!...# ......#
...##...# ....
.....


You could see 4 gnolls, an adder and a dart slug.

Vanquished Creatures
  Terence (D:2)
  Jessica (D:2)
  4 gnolls (D:2)
  An adder (D:2)
  2 dart slugs (D:1)
  4 ball pythons
  3 bats (D:1)
  8 endoplasms
  A giant cockroach (D:2)
  4 goblins
  3 hobgoblins
  4 jackals (D:2)
  7 kobolds
  3 quokkas
  3 frilled lizards (D:1)
  5 rats
54 creatures vanquished.

Notes
Turn   | Place    | Note
-------+----------+-------------------------------------------
     0 | D:1      | Ablot the Gnoll Warper began the quest for the Orb.
     0 | D:1      | Reached XP level 1. HP: 20/20 MP: 6/6
   274 | D:1      | Reached XP level 2. HP: 22/26 MP: 7/7
   277 | D:1      | Learned a level 2 spell: Blink
   634 | D:1      | Found a faded altar of an unknown god.
   705 | D:1      | Reached XP level 3. HP: 20/31 MP: 9/9
   869 | D:1      | Reached skill level 5 in Spellcasting
  1262 | D:1      | Found Ewnem's Weapon Shop.
  1646 | D:2      | Reached skill level 1 in Invocations
  1843 | D:2      | Reached skill level 1 in Short Blades
  1843 | D:2      | Reached skill level 1 in Long Blades
  1843 | D:2      | Reached skill level 1 in Axes
  1843 | D:2      | Reached skill level 1 in Maces & Flails
  1843 | D:2      | Reached skill level 1 in Staves
  1843 | D:2      | Reached skill level 1 in Slings
  1843 | D:2      | Reached skill level 1 in Bows
  1843 | D:2      | Reached skill level 1 in Crossbows
  1843 | D:2      | Reached skill level 1 in Stealth
  1843 | D:2      | Reached skill level 1 in Shields
  1843 | D:2      | Reached skill level 1 in Unarmed Combat
  1843 | D:2      | Reached skill level 1 in Evocations
  1850 | D:2      | Reached XP level 4. HP: 21/38 MP: 11/11
  2149 | D:2      | Noticed Terence
  2170 | D:2      | HP: 1/38 [Terence/+0 short sword (4)]
  2173 | D:2      | Killed Terence
  2174 | D:2      | Reached skill level 1 in Conjurations
  2174 | D:2      | Reached skill level 1 in Hexes
  2174 | D:2      | Reached skill level 1 in Summonings
  2174 | D:2      | Reached skill level 1 in Necromancy
  2174 | D:2      | Reached skill level 1 in Transmutations
  2174 | D:2      | Reached skill level 1 in Fire Magic
  2174 | D:2      | Reached skill level 1 in Ice Magic
  2174 | D:2      | Reached skill level 1 in Air Magic
  2174 | D:2      | Reached skill level 1 in Earth Magic
  2174 | D:2      | Reached skill level 1 in Poison Magic
  2870 | D:2      | Reached XP level 5. HP: 32/43 MP: 12/12
  3110 | D:2      | Noticed Jessica
  3115 | D:2      | Killed Jessica
  3274 | D:2      | Slain by a gnoll

Illustrated notes

Levels and vault maps discovered:
D:1:      dpeg_arrival_windows_large_door, layout_basic, serial_shops,
          nicolae_shop_stone, hellmonk_ecumenical_altar_inner_sanctum
D:2:      layout_basic, hangedman_decor_growths, hangedman_glass_garden,
          minmay_randomly_rotated_circles, uniq_jessica, uniq_terence
D:3:      layout_basic, grunt_temple_overflow_cloverleaf, fedhas_altar_2,
          serial_shops, nicolae_shop_crystal, chequers_serial_rivers_small_3,
          serial_bayou_pond_e, minmay_gold_behind_fungi, uniq_sigmund,
          uniq_robin, uniq_natasha

Skill      XL: |  1  2  3  4  5 |
---------------+----------------+-----
Spellcasting   | 5 |  5.2
Invocations    | 1 |  1.6
Short Blades   | 1 |  1.4
Long Blades    | 1 |  1.4
Axes           | 1 |  1.4
Maces & Flails | 1 |  1.4
Staves         | 1 |  1.4
Slings         | 1 |  1.4
Bows           | 1 |  1.4
Crossbows      | 1 |  1.4
Stealth        | 1 |  1.4
Shields        | 1 |  1.4
Unarmed Combat | 1 |  1.4
Evocations     | 1 |  1.4
Conjurations   | 1 |  1.1
Hexes          | 1 |  1.1
Summonings     | 1 |  1.1
Necromancy     | 1 |  1.1
Transmutations | 1 |  1.1
Fire Magic     | 1 |  1.1
Ice Magic      | 1 |  1.1
Air Magic      | 1 |  1.1
Earth Magic    | 1 |  1.1
Poison Magic   | 1 |  1.1
Throwing       | 3 |  3.0
Armour         | 3 |  3.0
Fighting       | |  4.8
Polearms       | |  4.8
Dodging        | |  4.8
Translocations | |  5.5

Action                   |  1- 3 |  4- 6 || total
-------------------------+-------+-------++-------
Melee: Spear             |    17 |       ||    17
       Short sword       |    68 |    46 ||   114
       Bite              |     8 |     9 ||    17
       Punch             |     2 |     2 ||     4
       Dagger            |       |    45 ||    45
Throw: Dart              |       |     5 ||     5
 Cast: Blink             |       |     1 ||     1
Armor: Leather armour    |    10 |    20 ||    30
Dodge: Dodged            |    44 |    51 ||    95
